 Dungeon Crawl Stone Soup version 0.29.1-14-g9c671dbff4 (webtiles) character file.

Game seed: 2701781369690342463

2 Mickster the Caller (level 1, -1/16 HPs)
             Began as a Demigod Wanderer on Feb 21, 2023.
             Slain by a goblin
             ... wielding a +0 club
              (4 damage)
             ... on level 1 of the Dungeon.
             The game lasted 00:02:21 (71 turns).

Mickster the Caller (Demigod Wanderer)                Turns: 71, Time: 00:02:22

Health: -1/16      AC:  2    Str: 13    XL:     1   Next: 26%
Magic:  4/4        EV: 10    Int: 13    God:
Gold:   4          SH:  4    Dex: 14    Spells: 1/2 levels left

rFire   + . .      SeeInvis .   a - +0 mace
rCold   x . .      Faith    .   b - +0 buckler
rNeg    . . .      Spirit   .   d - +0 robe
rPois   .          Reflect  .   (no helmet)
rElec   .          Harm     .   (no cloak)
rCorr   .          Rampage  .   (no gloves)
Will    .....                   (no boots)
Stlth   ++........              (no amulet)
HPRegen 0.05/turn               e - ring of fire
MPRegen 0.09/turn               (no ring)

@: no status effects
A: high MP 1, forlorn, divine attributes
a: no special abilities


You were on level 1 of the Dungeon.
You visited 1 branch of the dungeon, and saw 1 of its levels.

You collected 4 gold pieces.

Inventory:

Hand Weapons
 a - a +0 mace (weapon)
Missiles
 f - 6 poisoned darts (quivered)
Armour
 b - a +0 buckler (worn)
 d - a +0 robe (worn)
Jewellery
 e - a ring of fire (left hand)
Potions
 c - a potion of attraction


   Skills:
 + Level 1.0 Fighting
 + Level 1.7 Maces & Flails
 + Level 1.0 Stealth
 + Level 1.0 Shields
 + Level 1.1 Spellcasting
 + Level 2.8 Summonings
 + Level 1.0 Evocations


You had one spell level left.
You knew the following spells:

 Your Spells              Type           Power      Damage    Failure   Level
a - Summon Small Mammal   Summ           32%        N/A       12%         1

Your spell library contained the following spells:

 Spells                   Type           Power      Damage    Failure   Level
 Call Canine Familiar     Summ           8%         N/A       34%         3
 Summon Ice Beast         Ice/Summ       4%         N/A       91%         4


Dungeon Overview and Level Annotations

Branches:
Dungeon (1/15)


Innate Abilities, Weirdness & Mutations

You have an increased reservoir of magic. (+10% MP)
You shall have no god before yourself.
Your divine heritage dramatically boosts your attributes as you level up.


Message History

An endoplasm and a goblin come into view.
The endoplasm quivers.
You see here 6 poisoned darts.
f - 6 poisoned darts The quokka attacks as you move away!
The quokka barely misses you. The endoplasm hits you.
The endoplasm attacks as you move away! The endoplasm hits you.
The goblin shouts!
The quokka closely misses you.
You sock the endoplasm!
You kill the endoplasm!
The quokka closely misses you.
The quokka bites you but does no damage.
The quokka barely misses you.
You barely miss the quokka. The quokka completely misses you.
You hit the quokka but do no damage. The quokka barely misses you.
The goblin hits you with a +0 club. The quokka bites you.
You hit the quokka.
The quokka is lightly wounded.
The goblin barely misses you. The quokka bites you.
The goblin hits you with a +0 club.
You hit the quokka.
The quokka is severely wounded.
The quokka closely misses you. The goblin hits you but does no damage.
The quokka barely misses you.
You closely miss the quokka.
The quokka is severely wounded.
The quokka bites you.
* * * LOW HITPOINT WARNING * * *
The goblin hits you but does no damage.
You barely miss the quokka.
The quokka is severely wounded.
The quokka bites you but does no damage.
The goblin hits you with a +0 club.
* * * LOW HITPOINT WARNING * * *
The quokka completely misses you. The goblin misses you.
You hit the quokka.
You kill the quokka!
The goblin hits you with a +0 club.
You die...

#.##### #.#...#
#.#...####
#.#...... ..
#.#....###...
#.#........#.
###.#..........
#...@g..#
##.##....#
#..##........
#.###.##...##
#.# #.######
##.# ... ###
##..#####
..########..##
..##...#...##


You could see a goblin.

Vanquished Creatures
  An endoplasm (D:1)
  A quokka (D:1)
  A kobold (D:1)
3 creatures vanquished.

Vanquished Creatures (collateral kills)
  A kobold (D:1)
1 creature vanquished.

Grand Total: 4 creatures vanquished

Notes
Turn   | Place    | Note
-------+----------+-------------------------------------------
     0 | D:1      | Mickster the Demigod Wanderer began the quest for the Orb.
     0 | D:1      | Mickster set off with the following items: a +0 mace, a +0
                  | buckler, a potion of attraction, a +0 robe; and the
                  | following spell memorised: Summon Small Mammal; and the
                  | following spells available to memorise: Call Canine
                  | Familiar, Summon Ice Beast.
     0 | D:1      | Reached XP level 1. HP: 16/16 MP: 4/4
    71 | D:1      | Slain by a goblin

Illustrated notes

Levels and vault maps discovered:
D:1:      lightli_iron_boxes, layout_basic

Action                   || total
-------------------------++-------
Melee: Mace              ||     9
 Cast: Summon Small Mamm ||     3
Armor: Robe              ||     6
Dodge: Dodged            ||    14
